 Dungeon Crawl Stone Soup version 0.30-a0-310-g7d6cbdfea6 (webtiles) character file.

Game seed: 4403103629364700436

20083 Biblin the Fighter (level 12, -9/108 (113) HPs)
             Began as a Hill Orc Fighter on Oct 19, 2022.
             Was a High Priest of Okawaru.
             Mangled by a jorogumo (10 damage)
             ... on level 2 of the Lair of Beasts on Oct 24, 2022.
             The game lasted 00:58:22 (16269 turns).

Biblin the Fighter (Hill Orc Fighter)              Turns: 16269, Time: 00:58:23

HP:   -9/108 (113)  AC: 19    Str: 27    XL:     12   Next: 75%
MP:   12/12         EV:  8    Int:  8    God:    Okawaru [*****.]
Gold: 910           SH: 10    Dex: 10    Spells: 11/11 levels left

rFire   + . .      SeeInvis .    J - +2 broad axe (flame)
rCold   + + .      Faith    .    c - +0 buckler
rNeg    . . .      Spirit   .    p - +0 plate armour
rPois   +          Reflect  +    g - +0 helmet
rElec   .          Harm     .    d - scarf {rC+ rF+}
rCorr   +          Rampage  .    w - +1 pair of gloves {Str+3}
Will    .....                    (no boots)
Stlth   ..........               i - amulet of reflection
HPRegen 0.38/turn                e - ring of resist corrosion
MPRegen 0.13/turn                m - ring "Hesireng" {rPois rC+}

@: lethally poisoned (-9 -> -11), lightly drained
A: no striking features
a: Renounce Religion, Heroism, Finesse, Duel


You were on level 2 of the Lair of Beasts.
You worshipped Okawaru.
Okawaru was extremely pleased with you.
You visited 4 branches of the dungeon, and saw 15 of its levels.
You visited the Abyss 1 time.
You also visited: Ossuary.

You collected 910 gold pieces.

Inventory:

Hand Weapons
 o - the +7 hammer of Tiyrruicye {freeze, Int+2}
   (You found it on level 6 of the Dungeon)

   It freezes those it strikes, dealing additional cold damage.
   It can also slow down cold-blooded creatures.
   Int:       It affects your intelligence (+2).
 F - a +2 vorpal war axe
 J - a +2 broad axe of flaming (weapon)
Missiles
 h - 133 stones (quivered)
Armour
 c - a +0 buckler (worn)
 d - a scarf of resistance (worn)
 g - a +0 helmet (worn)
 p - a +0 plate armour (worn)
 w - a +1 pair of gloves of strength (worn)
Jewellery
 a - a +6 ring of dexterity
 e - a ring of resist corrosion (left hand)
 i - an amulet of reflection (around neck)
 m - the ring "Hesireng" (right hand) {rPois rC+}
   (You acquired it on level 7 of the Dungeon)

   [ring of poison resistance]

   rC:        It protects you from cold.
   rPois:     It protects you from poison.
 G - a +4 ring of protection
Wands
 f - a wand of roots (8)
 n - a wand of light (7)
 t - a wand of mindburst (14)
 D - a wand of flame (18)
Scrolls
 j - 11 scrolls of identify
 k - 2 scrolls of teleportation
 r - a scroll of silence {unknown}
 y - 3 scrolls of blinking
Potions
 b - a potion of cancellation
 l - 2 potions of invisibility
 q - a potion of berserk rage {unknown}
 z - 3 potions of mutation {unknown}
 A - 3 potions of flight
 K - 5 potions of resistance {unknown}


   Skills:
 * Level 12.9 Fighting
 - Level 9.7(12.6) Axes
 * Level 10.9(12.0) Maces & Flails
 * Level 12.4 Armour
 + Level 2.4 Dodging
 + Level 8.4 Shields


You had 11 spell levels left.
You didn't know any spells.
Your spell library contained the following spells:

 Spells                   Type           Power      Damage    Failure   Level
 Apportation              Tloc           0%         N/A       99%         1
 Necrotise                Necr           0%         1d4       99%         1
 Cigotuvi's Dreadful Rot  Necr/Pois/Air  0%         N/A       99%         2
 Stone Arrow              Conj/Erth      0%         3d7       100%        3
 Vampiric Draining        Necr           0%         2d6       100%        3
 Dispel Undead            Necr           0%         3d6       100%        4
 Agony                    Necr           0%         N/A       100%        5
 Alistair's Intoxication  Tmut/Pois      0%         N/A       100%        5
 Borgnjor's Vile Clutch   Necr/Erth      0%         N/A       100%        5
 Eringya's Noxious Bog    Tmut/Pois      0%         N/A       100%        6
 Orb of Destruction       Conj           0%         9d5       100%        7
 Lehudib's Crystal Spear  Conj/Erth      0%         10d2      100%        8
 Summon Small Mammal      Summ           Unusable   N/A       N/A         1
 Summon Guardian Golem    Hex/Summ       Unusable   N/A       N/A         3
 Animate Armour           Summ/Erth      Unusable   N/A       N/A         4
 Summon Forest            Summ/Tloc      Unusable   N/A       N/A         5
 Spellforged Servitor     Conj/Summ      Unusable   N/A       N/A         7
 Dragon's Call            Summ           Unusable   N/A       N/A         9

Dungeon Overview and Level Annotations

Branches:
Dungeon (11/15)            Temple (1/1) D:6            Lair (2/5) D:11
 Shoals (0/4) Lair:2       Spider (1/4) Lair:2          Orc (0/2) D:11
Ossuary (visited)

Altars:
Ashenzari
Cheibriados
Dithmenos
Elyvilon
Fedhas
Gozag
Hepliaklqana
Kikubaaqudgha
Makhleb
Nemelex Xobeh
Okawaru
Qazlal
Ru
Trog
Uskayaw
Vehumet
Wu Jian
Xom
Yredelemnul
Zin
The Shining One

Shops:
D:2 *   D:3 [

Annotations:
D:3 1 runed translucent door, gabibbone's ghost, amateur OpVM


Message History

You slice the jorogumo!! You burn the jorogumo.
The jorogumo is severely wounded.
You feel yourself speed up.
You feel extremely sick. The jorogumo completely misses you.
You slash the jorogumo! You burn the jorogumo.
The jorogumo is almost dead.
You feel very sick.
The jorogumo stares at you and mumbles some strange words.
The stream of webbing hits you but does no damage.
You are caught in a web!
The jorogumo casts a spell at you.
The stream of webbing hits you but does no damage.
You are even more entangled.
You feel very sick. The jorogumo hits you.
* * * LOW HITPOINT WARNING * * *
You feel yourself slow down.
You hit the jorogumo. You burn the jorogumo.
The jorogumo is almost dead.
You feel very sick.
The jorogumo stares at you and mumbles some strange words.
The stream of webbing hits you but does no damage.
You are caught in a web!
The jorogumo hits you!
* * * LOW HITPOINT WARNING * * *
You feel yourself speed up.
You feel sick.
The jorogumo hits you but does no damage.
You barely miss the jorogumo.
The jorogumo is almost dead.
You feel sick. The jorogumo closely misses you.
The jorogumo stares at you and mumbles some strange words.
The bolt of negative energy hits you!
You feel drained.
* * * LOW HITPOINT WARNING * * *
Okay, then.
You closely miss the jorogumo.
The jorogumo is almost dead.
* * * LOW HITPOINT WARNING * * *
You feel sick. The jorogumo hits you!
You die...

.....#....####
.............#
##....####...#
####..#.^..^.## #
#..##..###^##### #
##.#.....^^^^..# ##
###^....#≈≈≈+## .##
#^^.^^.≈≈†H.# .P#
#....^^.≈.@## .##
##^.^..≈≈...#
.#########...≈≈≈'##
...P..##..^....^.#
......##.^###^..^#
#####...^.^#######
##..##..##.#
##.........#
#.#######.##


You could see a jorogumo.

Vanquished Creatures
  2 hydras (Lair:2)
  Erolcha (D:9)
  Erica (D:9)
  A two-headed ogre (D:11)
  Nergalle (Lair:1)
  An orb spider (Lair:2)
  Pikel (D:5)
  A wizard (D:11)
  A manticore (Lair:2)
  Joseph (D:9)
  Maggie (Lair:1)
  2 cane toads
  3 komodo dragons
  A rime drake (Lair:2)
  2 trolls
  3 hornets
  5 blink frogs (Lair:1)
  A wind drake (Lair:1)
  A raiju (Abyss:2)
  A shadow (D:10)
  Sigmund (D:4)
  2 centaur simulacra (D:11)
  3 basilisks
  13 yaks
  4 steam dragons
  3 wyverns
  A redback (Lair:2)
  Menkaure (D:6)
  An acid dragon (D:10)
  7 water moccasins
  Duvessa (D:6)
  3 orc warriors
  A meliai simulacrum (D:11)
  4 black bears
  5 wolves
  5 sky beasts
  An ogre (D:4)
  2 lemures (D:5)
  A centaur (D:8)
  2 phantoms
  2 kobold brigands
  9 bullfrogs
  Blork the orc (D:4)
  A scorpion (D:4)
  2 gnoll sergeants
  Dowan (D:6)
  3 wights (D:5)
  13 killer bees
  2 electric eels (D:10)
  5 howler monkeys
  6 jellies
  2 centaur zombies (Ossuary)
  4 hounds
  Crazy Yiuf (D:6)
  6 orc priests
  A gnoll bouda (D:7)
  An iguana (D:5)
  3 orc wizards
  2 hound zombies (Ossuary)
  3 mummies (Ossuary)
  10 adders
  17 gnolls
  A shadow imp (D:5)
  16 white imps
  2 howler monkey simulacra (D:11)
  3 ufetubi
  3 adder zombies (Ossuary)
  4 dart slugs
  20 orcs
  4 ball pythons
  3 bats
  4 endoplasms
  6 giant cockroaches
  2 gnoll zombies (Ossuary)
  13 goblins
  8 hobgoblins
  4 jackals (D:4)
  14 kobolds
  2 quokkas
  8 goblin zombies (Ossuary)
  4 hobgoblin zombies (Ossuary)
  4 jackal zombies (Ossuary)
  3 kobold zombies (Ossuary)
  4 orc zombies (Ossuary)
  3 quokka zombies (Ossuary)
  4 rats
  2 rat zombies (Ossuary)
328 creatures vanquished.

Vanquished Creatures (others)
  Sonja (D:11)
  21 fungi
  49 plants
  3 starspawn tentacles (Abyss:2)
74 creatures vanquished.

Grand Total: 402 creatures vanquished

Notes
Turn   | Place    | Note
-------+----------+-------------------------------------------
     0 | D:1      | Biblin the Hill Orc Fighter began the quest for the Orb.
     0 | D:1      | Reached XP level 1. HP: 19/19 MP: 1/1
    88 | D:1      | Reached XP level 2. HP: 27/27 MP: 2/2
   229 | D:1      | Reached XP level 3. HP: 31/33 MP: 3/3
   719 | D:2      | Found a white marble altar of Elyvilon.
   758 | D:2      | Reached XP level 4. HP: 32/41 MP: 4/4
  1266 | D:2      | Reached XP level 5. HP: 35/47 MP: 5/5
  1316 | D:2      | Found Fazxutu's Assorted Antiques.
  1846 | D:3      | Found a runed translucent door.
  1846 | D:3      | Noticed gabibbone's ghost (amateur OpVM)
  1981 | D:3      | Noticed a black bear
  2187 | D:4      | Noticed an ogre
  2200 | D:4      | Killed an ogre
  2201 | D:4      | Reached skill level 5 in Fighting
  2201 | D:4      | Reached skill level 5 in Axes
  2201 | D:4      | Reached XP level 6. HP: 28/56 MP: 6/6
  2310 | D:4      | Noticed a black bear
  2321 | D:4      | Killed a black bear
  2426 | D:4      | Noticed Sigmund
  2478 | D:4      | Killed Sigmund
  2479 | D:4      | Reached skill level 1 in Dodging
  2479 | D:4      | Reached XP level 7. HP: 8/61 MP: 7/7
  2933 | D:3      | Reached skill level 5 in Armour
  3147 | D:3      | Found Arphor's Antique Armour Emporium.
  3645 | D:4      | Found a glowing golden altar of the Shining One.
  3679 | D:4      | Noticed Blork the orc
  3692 | D:4      | Killed Blork the orc
  3986 | D:4      | Got the Dissertation on Supportive Necromancy
  4061 | D:5      | Entered Level 5 of the Dungeon
  4081 | D:5      | Found a burning altar of Makhleb.
  4165 | D:5      | Reached XP level 8. HP: 40/70 MP: 8/8
  5284 | D:6      | Reached skill level 5 in Shields
  5359 | D:6      | Upgraded the game from 0.30-a0-297-g0ec75d9ef4 to
                  | 0.30-a0-310-g7d6cbdfea6
  5383 | D:6      | Noticed Pikel
  5465 | D:5      | Killed Pikel
  5466 | D:5      | Reached XP level 9. HP: 75/81 MP: 9/9
  5503 | D:6      | Noticed Dowan
  5540 | D:6      | Noticed Duvessa
  5702 | D:6      | Found a staircase to the Ecumenical Temple.
  5715 | Temple   | Entered the Ecumenical Temple
  5766 | Temple   | Became a worshipper of Warmaster Okawaru
  6119 | D:6      | Killed Duvessa
  6124 | D:6      | Killed Dowan
  6286 | D:6      | Found a runed translucent door.
  6287 | D:6      | Noticed Crazy Yiuf
  6302 | D:6      | Killed Crazy Yiuf
  6339 | D:6      | Identified the +7 hammer of Tiyrruicye {freeze, Int+2}
  6524 | D:7      | Found a sand-covered staircase.
  6529 | Ossuary  | Entered an ossuary
  6775 | Ossuary  | Reached skill level 1 in Maces & Flails
  6906 | D:7      | Identified a scroll of acquirement
  6906 | D:7      | Acquired the ring "Hesireng" {rPois rC+}
  6970 | D:7      | Identified the amulet of Leenul {rF- Will- Regen+ Str+4
                  | Int+6}
  6991 | D:7      | Reached * piety under Okawaru
  7258 | D:7      | Noticed Menkaure
  7289 | D:6      | Killed Menkaure
  7290 | D:6      | Reached XP level 10. HP: 61/90 MP: 10/10
  7325 | D:7      | Reached skill level 5 in Maces & Flails
  7347 | D:7      | Found a white marble altar of Elyvilon.
  8096 | D:8      | Reached ** piety under Okawaru
  8309 | D:8      | Found a stormy altar of Qazlal.
  8722 | D:9      | Reached *** piety under Okawaru
  8743 | D:8      | Found a shadowy altar of Dithmenos.
  8900 | D:9      | Noticed Joseph
  8919 | D:9      | Killed Joseph
  8992 | D:9      | Noticed Erica
  9014 | D:9      | Killed Erica
  9015 | D:9      | Reached XP level 11. HP: 59/99 MP: 11/11
  9037 | D:9      | Reached **** piety under Okawaru
  9054 | D:8      | Reached skill level 10 in Fighting
  9486 | D:9      | Found a broken altar of Ashenzari.
  9488 | D:9      | Noticed Erolcha
  9511 | D:9      | Killed Erolcha
 10504 | D:10     | Entered Level 10 of the Dungeon
 10942 | D:10     | Reached skill level 10 in Armour
 11220 | D:10     | Found a bloodstained altar of Trog.
 11261 | D:10     | Found a shimmering altar of Xom.
 11407 | D:11     | Found a staircase to the Orcish Mines.
 11418 | D:11     | Reached ***** piety under Okawaru
 11425 | D:11     | Noticed Sonja
 11589 | D:11     | Noticed a wizard
 11603 | D:11     | Reached skill level 10 in Maces & Flails
 11606 | D:11     | Killed a wizard
 11613 | D:11     | Noticed a two-headed ogre
 11624 | D:11     | Killed a two-headed ogre
 11792 | Abyss:1  | Cast into level 1 of the Abyss (Sonja)
 11826 | Abyss:1  | Noticed a hell hog
 11830 | Abyss:1  | Noticed a rakshasa
 11930 | Abyss:2  | Noticed a daeva
 11946 | Abyss:2  | Noticed a wretched star
 11947 | Abyss:2  | Noticed a tentacled starspawn
 11964 | D:11     | Escaped the Abyss
 12227 | D:11     | Killed Sonja
 12430 | D:11     | Received a gift from Okawaru
 12761 | D:11     | Found a staircase to the Lair.
 12956 | Lair:1   | Entered Level 1 of the Lair of Beasts
 12956 | Lair:1   | Noticed Maggie
 12966 | Lair:1   | Killed Maggie
 12967 | Lair:1   | Reached XP level 12. HP: 66/88 MP: 12/12
 13931 | Lair:1   | Noticed Nergalle
 13958 | Lair:1   | Killed Nergalle
 14651 | Lair:2   | Found a staircase to the Shoals.
 15041 | Lair:2   | Noticed a four-headed hydra
 15049 | Lair:2   | Killed a one-headed hydra
 15420 | Lair:2   | Found a hole to the Spider Nest.
 15439 | Lair:2   | Noticed a six-headed hydra
 15452 | Lair:2   | Killed a two-headed hydra
 16250 | Spider:1 | Entered Level 1 of the Spider Nest
 16250 | Spider:1 | Noticed a jorogumo
 16268 | Lair:2   | HP: 1/108 [jorogumo/bolt of negative energy (16)]
 16269 | Lair:2   | Mangled by a jorogumo

Illustrated notes

Levels and vault maps discovered:
D:1:      eino_arrival_water_star, layout_basic
D:2:      layout_loops_ring, serial_shops, nicolae_shop_advertising_works
          [nicolae_subvault_shop_adworks], basic_altar
D:3:      layout_loops_ring, serial_shops, nicolae_shop_stone,
          hellmonk_ghost_happy_afterlife, serial_bayou_pond_c,
          guppyfry_early_orc_mine
D:4:      layout_basic, nicolae_tso_carved_into_rock, uniq_sigmund,
          uniq_blork_the_orc
D:5:      layout_basic, lemuel_doored_altar
D:6:      layout_cave_pools, minmay_temple_entry_wispy, nrook_mini_backslash,
          uniq_duvessa, uniq_crazy_yiuf_cottage, uniq_pikel
D:7:      layout_gridville, mainiacjoe_overflow_24_doors,
          nicolae_ossuary_entry_ruins, enter_bailey_5, uniq_menkaure
D:8:      layout_gridville, nicolae_overflow_hidden_temple,
          mainiacjoe_overflow_cross_hatched
D:9:      layout_basic, evilmike_ruin_ashenzari, tgw_sif, uniq_erica,
          uniq_erolcha, uniq_joseph
D:10:     layout_basic, lemuel_round_altar, nicolae_overflow_crystal_walls
D:11:     layout_loops_ring, grunt_lair_entry_orc_guard_hut, serial_ice,
          serial_ice_n, serial_ice_h, serial_ice_o, serial_ice_m,
          portal_ice_cave_entry_imps, kennysheep_crisscross, uniq_sonja
Temple:   dshaligram_water_room_temple
Lair:1:   layout_regular_city, grunt_forest_stairs_basic, grunt_megastairs_3,
          serial_bayou_shore_b, serial_bayou_shore_a, lemuel_fruit_tree,
          uniq_maggie, uniq_nergalle
Lair:2:   layout_layer_cave, minmay_shoals_entry_beasts,
          nicolae_spider_entry_orb_guardian, serial_bayou_pond_d
Spider:1: layout_spider_delve, ebering_ghost_reflecting_pool

Skill      XL: |  1  2  3  4  5  6  7  8  9 10 11 12 |
---------------+-------------------------------------+-----
Axes           | 3 4 5 6 7 9 |  9.7
Fighting       | 4 5 6 8 9 11 12 | 12.9
Armour         | 4 5 7 8 9 10 12 | 12.4
Shields        | 4 5 6 7 8 |  8.4
Dodging        | 1 2 |  2.4
Maces & Flails | 4 8 10 | 10.9

Action                   |  1- 3 |  4- 6 |  7- 9 | 10-12 || total
-------------------------+-------+-------+-------+-------++-------
Melee: War axe           |    60 |   134 |   239 |   161 ||   594
       Mace              |       |       |   154 |   230 ||   384
       Broad axe         |       |       |       |   179 ||   179
Invok: Heroism           |       |       |       |     1 ||     1
  Use: Scroll            |     1 |     4 |     8 |     4 ||    17
       Potion            |       |     5 |     7 |     5 ||    17
Armor: Scale mail        |    24 |    57 |    44 |       ||   125
       Skin              |       |    29 |       |       ||    29
       Chain mail        |       |       |    41 |       ||    41
       Plate armour      |       |       |   129 |   332 ||   461
Dodge: Dodged            |    35 |    54 |   131 |   219 ||   439
Block: Buckler           |    16 |    34 |   199 |   322 ||   571
       Reflection        |       |       |     2 |     7 ||     9

Table legend: (Time is in decaauts)
 A = Elapsed time spent in this place.
 B = Non-inter-level travel time spent in this place.
 C = Inter-level travel time spent in this place.
 D = Time resting spent in this place.
 E = Time spent auto-exploring this place.
 F = Levels seen in this place.
 G = Mean time per level.
                   A        B        C        D        E       F      G
               +--------+--------+--------+--------+--------+-----+--------+
         Total |  16397 |  15727 |    670 |   4291 |   7555 |  19 |  863.0 |
       Dungeon |  12351 |  11770 |    581 |   3159 |   5640 |  11 | 1122.8 |
        Temple |    293 |    256 |     37 |    102 |     72 |   1 |  293.0 |
          Lair |   3206 |   3154 |     52 |    927 |   1746 |   2 | 1603.0 |
   Spider Nest |      1 |      1 |      0 |      0 |      0 |   1 |    1.0 |
         Abyss |    171 |    171 |      0 |      0 |      0 |   3 |   57.0 |
       Ossuary |    372 |    372 |      0 |    103 |     97 |   1 |  372.0 |
               +--------+--------+--------+--------+--------+-----+--------+

Top non-repeatable levels by time:
  Lair:2: 1750 daAuts
     D:4: 1635 daAuts
     D:9: 1600 daAuts
  Lair:1: 1456 daAuts
    D:10: 1213 daAuts
     D:5: 1187 daAuts
     D:7: 1180 daAuts
    D:11: 1072 daAuts
     D:2: 1061 daAuts
     D:6: 987 daAuts
     D:8: 967 daAuts
     D:3: 758 daAuts
     D:1: 686 daAuts
 Ossuary: 372 daAuts
  Temple: 293 daAuts
